Description

(Roach,lings,bane,infestor)Pool First

Build Order

Get SALT Encoding   

  12  0:00  Drone  
  13  0:12  Overlord  
  13  0:17  Drone  
  14  0:31  Drone x2  
  14  0:35  Drone  
  17  0:45  Spawning Pool  
  17  0:48  Drone  
  17  1:12  Hatchery  
  17  1:14  Drone  
  17  1:17  Overlord  
  17  1:22  Drone  
  18  1:29  Drone  
  18  1:31  Extractor  
  18  1:34  Queen  
  18  1:39  Zergling x2  
  21  1:49  Drone  
  22  2:00  Drone  
  23  2:10  Queen  
  23  2:12  Drone  
  26  2:23  Drone  
  26  2:24  Queen  
  26  2:25  Drone  
  30  2:32  Drone  
  30  2:33  Metabolic Boost  
  30  2:35  Drone  
  32  2:41  Overlord  
  32  2:42  Drone x2  
  34  2:45  Zergling x2  
  34  2:46  Drone  
  36  3:03  Hatchery, Drone x2  
  37  3:05  Drone  
  37  3:10  Drone  
  40  3:12  Drone  
  40  3:13  Drone x2  
  40  3:17  Overlord  
  40  3:19  Drone x2  
  44  3:29  Roach Warren, Drone  
  44  3:32  Extractor  
  44  3:33  Drone  
  44  3:36  Drone  
  44  3:37  Drone  
  46  3:41  Drone x2  
  48  3:49  Spore Crawler  
  48  3:50  Spore Crawler, Drone  
  48  3:51  Overlord, Drone  
  48  3:59  Overlord  
  48  4:00  Drone  
  48  4:01  Drone x3  
  52  4:03  Overlord  
  52  4:11  Overlord  
  52  4:16  Overlord  
  52  4:18  Drone  
  52  4:22  Spore Crawler  
  52  4:23  Drone x5  
  57  4:25  Drone  
  57  4:28  Drone x2  
  57  4:29  Drone  
  60  4:35  Overlord  
  60  4:37  Drone  
  61  4:40  Drone  
  61  4:42  Queen  
  61  4:44  Evolution Chamber  
  61  4:45  Drone x2  
  65  4:54  Roach x3  
  65  4:55  Roach x3  
  65  4:57  Roach x2  
  81  5:00  Queen  
  81  5:03  Queen  
  85  5:07  Drone  
  85  5:13  Hatchery  
  85  5:15  Zergling x8  
  85  5:20  Spore Crawler  
  87  5:22  Overlord  
  87  5:23  Zerg Melee Weapons Level 1  
  87  5:25  Queen  
  87  5:28  Zergling x6  
  92  5:32  Overlord  
  92  5:38  Zergling x2  
  92  5:39  Zergling x10  
  92  5:42  Queen  
  100  5:43  Overlord  
  100  5:44  Overlord  
  100  5:47  Baneling Nest  
  100  5:48  Overlord  
  99  5:52  Queen  
  101  5:57  Zergling x2  
  101  5:58  Zergling x10  
  101  6:03  Queen  
  107  6:07  Spore Crawler  
  107  6:08  Spore Crawler  
  107  6:10  Spore Crawler  
  104  6:18  Queen  
  104  6:20  Zergling x2  
  104  6:21  Zergling x18  
  110  6:32  Queen x2  
  110  6:36  Spore Crawler  
  110  6:38  Spore Crawler x2  
  111  6:41  Drone x2  
  111  6:42  Drone x5  
  118  6:47  Drone  
  118  6:48  Drone x3  
  122  6:54  Queen x2  
  126  7:10  Queen  
  126  7:12  Queen  
  126  7:20  Spore Crawler  
  125  7:23  Zerg Ground Armor Level 1  
  125  7:24  Drone x2  
  125  7:25  Drone x5  
  125  7:26  Spore Crawler  
  131  7:30  Queen  
  131  7:34  Lair  
  133  7:38  Drone x2  
  136  7:44  Zergling x10  
  136  7:45  Queen  
  142  7:54  Overlord x2  
  142  7:56  Queen, Hatchery  
  143  8:00  Spore Crawler  
  142  8:06  Queen  
  142  8:07  Spore Crawler  
  142  8:09  Spore Crawler  
  142  8:11  Spore Crawler  
  141  8:13  Drone x6  
  141  8:14  Drone x2  
  141  8:16  Spore Crawler  
  141  8:17  Spore Crawler  
  147  8:21  Queen  
  149  8:29  Spore Crawler  
  149  8:31  Queen  
  149  8:32  Queen  
  151  8:42  Queen  
  151  8:46  Infestation Pit  
  151  8:47  Drone x5  
  155  8:48  Drone  
  155  8:49  Drone x3  
  155  8:50  Extractor x2  
  155  8:51  Extractor  
  155  8:54  Extractor  
  155  8:55  Spore Crawler  
  155  8:57  Queen, Spore Crawler  
  155  9:00  Overlord x4  
  155  9:05  Centrifical Hooks  
  155  9:07  Queen x2  
  155  9:09  Drone x3  
  162  9:10  Queen  
  164  9:18  Queen  
  164  9:19  Zerg Melee Weapons Level 2  
  164  9:22  Zergling x14  
  164  9:23  Zergling x14  
  177  9:25  Zergling x2  
  177  9:26  Zergling x6  
  180  9:35  Infestor  
  180  9:36  Infestor  
  184  9:38  Infestor  
  186  9:46  Zergling x2  
  186  9:47  Zergling x20  
  186  9:50  Overlord  
  195  10:16  Infestor  
  189  10:23  Queen x4  
  187  10:28  Zergling x2  
  187  10:29  Zergling x22  
  187  10:35  Zergling x4  
  199  10:50  Baneling  
  199  10:51  Baneling x18  
  199  10:52  Baneling x6  
  199  10:53  Baneling x3  
  199  11:09  Hive  
  199  11:25  Zergling x18  
  181  11:26  Zergling x12  
  153  11:41  Zergling x8  
  153  11:42  Zergling x32  
  153  11:45  Queen x4  
  166  11:48  Infestor x2  
  165  11:56  Zergling x8  
  168  12:03  Zergling x4  
  168  12:06  Zergling x2  
  168  12:07  Zergling x4  
  168  12:08  Overseer x2  
  172  12:14  Zergling x2  
  172  12:15  Zergling x10  
  172  12:20  Queen, Zergling x4  
  172  12:21  Queen x2  
  176  12:24  Queen x2  
  176  12:28  Zergling x8  
  184  12:36  Baneling x3  
  184  12:37  Baneling x25  
  184  12:38  Baneling x2  
  184  12:39  Zergling x10  
  189  12:48  Zergling x8  
  193  13:01  Zergling x18  
Spawning Tool Build Advisor. Get it on Overwolf

Analysis

(Roach,lings,bane,infestor)Pool First

Go to:

Details

  • Created by: DarkHeartz
  • Published on: Nov 08, 2016
  • Modified on: Nov 08, 2016
  • Patch: Pre-3.8.0
Show
View Real Time Build Order
Export as new Build Order

Comments (0)

There are no comments. Be the first!

Create an account to comment!